[ AOE2 MATCH · #484910174 ]
UnrankedSlavs vs Georgians
Player's team · LOSS
[ REPLAY ANALYSIS · EXTRACTED FROM THE RECORDED GAME ]
Feudal
8:53
Castle
—
Imperial
—
| APM avg | 78.3 |
| APM peak | 109 |
| eAPM avg | 35.0 |
| Villagers / military | 21 / 5 |
Focus
⚔️ 64.3% · 🌾 35.7%
Spearman ×3 · Scout Cavalry ×2
Feudal
7:36
Castle
—
Imperial
—
| APM avg | 65.1 |
| APM peak | 97 |
| eAPM avg | 20.7 |
| Villagers / military | 23 / 4 |
Focus
⚔️ 50.2% · 🌾 49.8%
Scout Cavalry ×3 · Spearman ×1
Match map
Initial resources + every placement click. Lines = walls · curves = elevation contours. ◆ gold · ⬟ stone · ● berries · ✦ relic · ◌ wall gap
Your base
Champi Warrior's base
Smoothed initial terrain · ◌ = detected wall gap · hover for details
Inputs per minute
— NuMa | AngelR - - Champi Warrior
Build order — NuMa | AngelR
58 actions detected in the replay
| 0:00 | Create | Villager (Male) |
| 0:00 | Create | Villager (Male) |
| 0:01 | Create | Villager (Male) |
| 0:02 | Build | House |
| 0:05 | Build | House |
| 0:15 | Create | Villager (Male) |
| 1:28 | Create | Villager (Male) |
| 1:55 | Build | Lumber Camp |
| 2:08 | Create | Villager (Male) |
| 2:29 | Create | Villager (Male) |
| 2:58 | Create | Villager (Male) |
| 3:11 | Create | Villager (Male) |
| 3:41 | Create | Villager (Male) |
| 3:41 | Create | Villager (Male) |
| 3:59 | Build | House |
| 4:01 | Build | House |
| 4:02 | Build | Palisade Wall |
| 4:08 | Create | Villager (Male) |
| 4:14 | Create | Villager (Male) |
| 5:12 | Build | Mill |
| 5:18 | Create | Villager (Male) |
| 5:37 | Create | Villager (Male) |
| 5:38 | Research | Loom |
| 6:42 | Research | Feudal Age |
| 6:42 | Research | Feudal Age |
| 6:45 | Build | Lumber Camp |
| 7:46 | Create | Villager (Male) |
| 8:02 | Build | Barracks |
| 8:53 | Age | Feudal Age |
| 8:59 | Build | Stable |
| 9:02 | Create | Spearman |
| 9:03 | Create | Villager (Male) |
| 9:08 | Research | Double-Bit Axe |
| 9:30 | Create | Villager (Male) |
| 9:36 | Create | Spearman |
| 9:38 | Create | Scout Cavalry |
| 9:39 | Create | Scout Cavalry |
| 9:45 | Build | Palisade Wall |
| 9:46 | Build | Palisade Wall |
| 9:47 | Build | Palisade Wall |
| 9:50 | Create | Villager (Male) |
| 9:55 | Research | Horse Collar |
| 10:02 | Create | Spearman |
| 10:04 | Build | Palisade Wall |
| 10:06 | Build | Palisade Wall |
| 10:15 | Build | Palisade Wall |
| 10:16 | Create | Villager (Male) |
| 10:20 | Build | Palisade Wall |
| 10:21 | Build | Palisade Wall |
| 10:23 | Build | Palisade Wall |
| 10:29 | Build | Palisade Wall |
| 10:30 | Build | Palisade Wall |
| 10:31 | Build | Palisade Wall |
| 10:47 | Build | Farm |
| 10:48 | Build | Farm |
| 10:50 | Build | Farm |
| 10:58 | Build | House |
| 10:58 | Create | Villager (Male) |
Build order — Champi Warrior
46 actions detected in the replay
| 0:01 | Create | Villager (Male) |
| 0:01 | Create | Villager (Male) |
| 0:01 | Create | Villager (Male) |
| 0:02 | Create | Villager (Male) |
| 0:03 | Build | House |
| 0:04 | Build | House |
| 1:29 | Create | Villager (Male) |
| 1:29 | Create | Villager (Male) |
| 1:58 | Create | Villager (Male) |
| 2:20 | Create | Villager (Male) |
| 2:46 | Create | Villager (Male) |
| 2:47 | Create | Villager (Male) |
| 3:10 | Create | Villager (Male) |
| 3:10 | Create | Villager (Male) |
| 3:25 | Build | House |
| 4:06 | Build | Mill |
| 4:06 | Create | Villager (Male) |
| 4:41 | Create | Villager (Male) |
| 5:13 | Research | Loom |
| 5:19 | Research | Feudal Age |
| 6:23 | Research | Loom |
| 6:50 | Build | Barracks |
| 7:36 | Age | Feudal Age |
| 7:44 | Build | Stable |
| 7:49 | Build | House |
| 7:53 | Create | Villager (Male) |
| 7:54 | Research | Double-Bit Axe |
| 8:24 | Create | Villager (Male) |
| 8:26 | Create | Scout Cavalry |
| 8:29 | Build | House |
| 8:38 | Create | Scout Cavalry |
| 8:49 | Create | Villager (Male) |
| 8:59 | Create | Scout Cavalry |
| 9:04 | Build | House |
| 9:05 | Build | Palisade Wall |
| 9:16 | Create | Villager (Male) |
| 9:35 | Build | Farm |
| 9:43 | Create | Villager (Male) |
| 10:00 | Build | Farm |
| 10:08 | Create | Villager (Male) |
| 10:17 | Build | Farm |
| 10:25 | Create | Villager (Male) |
| 10:38 | Create | Spearman |
| 10:46 | Build | Archery Range |
| 10:48 | Create | Villager (Male) |
| 11:07 | Create | Villager (Male) |
Match timeline
| 4:02 | NuMa | AngelR · wall_segment Palisade Wall x2 |
| 6:50 | Champi Warrior · first_building Barracks |
| 7:36 | Champi Warrior · age_up feudal |
| 7:44 | Champi Warrior · first_building Stable |
| 8:02 | NuMa | AngelR · first_building Barracks |
| 8:53 | NuMa | AngelR · age_up feudal |
| 8:59 | NuMa | AngelR · first_building Stable |
| 9:05 | Champi Warrior · wall_segment Palisade Wall x1 |
| 9:45 | NuMa | AngelR · wall_segment Palisade Wall x1 |
| 9:46 | NuMa | AngelR · wall_segment Palisade Wall x1 |
| 9:47 | NuMa | AngelR · wall_segment Palisade Wall x7 |
| 10:04 | NuMa | AngelR · wall_segment Palisade Wall x1 |
| 10:06 | NuMa | AngelR · wall_segment Palisade Wall x1 |
| 10:15 | NuMa | AngelR · wall_segment Palisade Wall x1 |
| 10:20 | NuMa | AngelR · wall_segment Palisade Wall x1 |
| 10:21 | NuMa | AngelR · wall_segment Palisade Wall x1 |
| 10:23 | NuMa | AngelR · wall_segment Palisade Wall x1 |
| 10:29 | NuMa | AngelR · wall_segment Palisade Wall x1 |
| 10:30 | NuMa | AngelR · wall_segment Palisade Wall x1 |
| 10:31 | NuMa | AngelR · wall_segment Palisade Wall x1 |
| 10:46 | Champi Warrior · first_building Archery Range |
| 11:11 | NuMa | AngelR · resign |
[ AI ANALYSIS · 1 CREDIT ]
What really happened in this match?
Wolo.gg analyzes every decision: build order, eco, micro, common mistakes by bracket. Personalized analysis on WhatsApp or Discord in 30 seconds.
Civ guide
Slavs
Perfil
AngelR